 Dungeon Crawl Stone Soup version 0.30-b1-2-g02819fbbbe (webtiles) character file.

Game seed: 18157531223367161386

26 MackTheKnife the Shield-Bearer (level 2, -5/40 HPs)
             Began as a Minotaur Fighter on May 19, 2023.
             Slain by Sigmund
             ... wielding a +0 scythe
              (7 damage)
             ... on level 2 of the Dungeon.
             The game lasted 00:01:32 (272 turns).

MackTheKnife the Shield-Bearer (Minotaur Fighter)    Turns: 272, Time: 00:01:32

Health: -5/40      AC: 21    Str: 20    XL:     2   Next: 89%
Magic:  1/1        EV:  2    Int:  5    God:
Gold:   30         SH:  4    Dex:  9    Spells: 1/1 levels left

rFire   + . .        (no weapon)
rCold   + . .        c - +0 buckler
rNeg    . . .        b - melded +0 scale mail
rPois   +            (helmet currently unavailable)
rElec   +            (cloak currently unavailable)
rCorr   +            e - melded +0 pair of gloves
SInv    .            (boots currently unavailable)
Will    .....        (no amulet)
Stlth   +            (no ring)
HPRegen 0.26/turn    (no ring)
MPRegen 0.07/turn

%: no passive effects
@: mighty, tree-form (expiring), resistant
A: stationary, stasis, torment immunity, boosted hp, (horns 2), (retaliatory
headbutt)
a: no special abilities


You were on level 2 of the Dungeon.
You were a tree.
You visited 1 branch of the dungeon, and saw 2 of its levels.

You collected 30 gold pieces.


Innate Abilities, Weirdness & Mutations

You are a tree.
Your roots penetrate the ground, keeping you stationary.
You cannot be teleported.
You are immune to unholy pain and torment.
Your maximum health is greatly increased.
Your equipment is partially melded.
((You have a pair of horns on your head.))
((You reflexively headbutt those who attack you in melee.))


   Skills:
 + Level 4.0 Fighting
 * Level 3.4 Axes
 - Level 3.6 Armour
 + Level 4.0 Shields


You had one spell level left.
You didn't know any spells.
Your spell library was empty.

Inventory:

Hand Weapons
 a - a +0 heavy war axe {axe}
Missiles
 k - 3 poisoned darts (quivered) {throwing}
Armour
 b - a +0 scale mail (melded)
 c - a +0 buckler (worn)
 e - a +0 pair of gloves (melded)
   (You found it on level 1 of the Dungeon)
Scrolls
 i - a scroll of amnesia

Dungeon Overview and Level Annotations

Branches:
Dungeon (2/15) Zot: 11712

Altars:

Annotations:
D:2 Sigmund

.. #.. .. #.
######.##
........########
...........<....
.......†♣.......
.......<........
..[......{......
..<.............
....##.#..$.....
### #.#........
#.###...... #.
...### #. ...#


There were no monsters in sight!


Message History

😮 HP[-4]
You take 4 damage, and now have 18/27 hp.
Unknown command.
The adder attacks as you move away! The adder bites you but does no damage.
The frilled lizard attacks as you move away!
The frilled lizard bites you.
You feel sick.
You are no longer poisoned.
Sigmund casts a spell.
Sigmund flickers and vanishes!
Deactivating autopickup; reactivate with Ctrl-A. 😮 HP[-3]
You take 3 damage, and now have 15/27 hp.
It was a potion of lignification.
You turn into a tree.
Your +0 pair of gloves melds into your body.
Your +0 scale mail melds into your body.
Your roots penetrate the ground.
The frilled lizard bites you but does no damage.
The adder bites you. Something hits you.
* * * LOW HITPOINT WARNING * * *
😨 HP[+5]
You now have 40 max hp (+13).
You regained 5 hp, and now have 20/40 hp.
Okay, then.
You are now empty-handed.
The adder barely misses you.
The frilled lizard bites you but does no damage.
You cannot move. (Use ctrl+direction or * direction to attack while stationary and confused.)
You cannot move. (Use ctrl+direction or * direction to attack while stationary and confused.)
There are monsters nearby!
You barely miss the adder. The adder bites you but does no damage.
The frilled lizard bites you but does no damage.
Something hits you.
* * * LOW HITPOINT WARNING * * *
😨 HP[-5]
You take 5 damage, and now have 15/40 hp.
You swing at nothing.
You feel less confused. The adder bites you but does no damage.
The frilled lizard bites you but does no damage.
The adder bites you.
* * * LOW HITPOINT WARNING * * *
You barely miss the frilled lizard. Something hits you but does no damage.
You block the frilled lizard's attack. The adder bites you but does no damage.
You barely miss the frilled lizard. The adder bites you but does no damage.
The frilled lizard bites you but does no damage.
Something hits you but does no damage.
You closely miss the frilled lizard. The adder bites you but does no damage.
The frilled lizard bites you but does no damage.
The adder bites you but does no damage. Something hits you!
* * * LOW HITPOINT WARNING * * *
😱 HP[-6]
You take 6 damage, and now have 9/40 hp.
You closely miss the adder. The frilled lizard bites you.
* * * LOW HITPOINT WARNING * * *
The adder bites you but does no damage. 😱 HP[-1]
You take 1 damage, and now have 8/40 hp.
You barely miss the adder. The adder bites you but does no damage.
Something hits you but does no damage.
The frilled lizard bites you but does no damage.
You smack the adder!
You kill the adder!
The frilled lizard bites you but does no damage.
Something hits you.
* * * LOW HITPOINT WARNING * * *
Your Fighting skill increases to level 4!
Your Shields skill increases to level 4! 😱 HP[-2]
You take 2 damage, and now have 6/40 hp.
You swing at nothing.
The frilled lizard bites you but does no damage. 😱 HP[+1] It was a potion of resistance.
You feel protected. Something hits you but does no damage.
The frilled lizard bites you but does no damage.
You barely miss the frilled lizard.
The frilled lizard bites you but does no damage.
You block something's attack.
You smack the frilled lizard!
You kill the frilled lizard!
You swing at nothing.
Something hits you!
* * * LOW HITPOINT WARNING * * *
😱 HP[-6]
You take 6 damage, and now have 1/40 hp.
As you read the scroll labelled LINATO WEBURR, it crumbles to dust.
It is a scroll of brand weapon.
Your +0 war axe {axe} becomes incredibly heavy!
a - a +0 heavy war axe {axe} Your transformation is almost over.
Something hits you but does no damage.
As you read the scroll labelled POGGEH ISHE, it crumbles to dust.
It is a scroll of identify.
i - a scroll of amnesia You cannot move.
Unknown command.
You cannot move.
Unknown command.
You swing at nothing.
Something hits you but does no damage.
You swing at nothing.
Something hits you!
You die...

Skill      XL: |  1  2 |
---------------+-------+-----
Axes           | 3 |  3.4
Fighting       | 4 |  4.0
Shields        | 4 |  4.0
Armour         | |  3.6

Action                     || total
---------------------------++-------
  Melee: War axe           ||    35
         Headbutt          ||     2
         Unarmed           ||     9
    Use: Potion            ||     3
         Scroll            ||     2
 Armour: Scale mail        ||    24
         Skin              ||    25
  Dodge: Dodged            ||    21
  Block: Buckler           ||    11

Levels and vault maps discovered:
D:1:      minmay_arrival_five_plusses, layout_basic, minmay_box_of_dots
D:2:      minmay_diamond_boxcup, layout_basic,
          ebering_ecumenical_altar_petrified, minmay_pentomino_z4, uniq_terence,
          uniq_sigmund, uniq_natasha

Notes
Turn   | Place    | Note
-------+----------+-------------------------------------------
     0 | D:1      | MackTheKnife the Minotaur Fighter began the quest for the
                  | Orb.
     0 | D:1      | Reached XP level 1. HP: 19/19 MP: 0/0
     0 | D:1      | magus.rc [v1.9.6]
    75 | D:1      | Reached skill level 3 in Axes
    75 | D:1      | Reached XP level 2. HP: 21/27 MP: 1/1
   207 | D:2      | Noticed Sigmund
   260 | D:2      | HP: 9/40 [something (7)]
   264 | D:2      | Reached skill level 4 in Fighting
   264 | D:2      | Reached skill level 4 in Shields
   268 | D:2      | HP: 1/40 [something (7)]
   272 | D:2      | Slain by Sigmund

Vanquished Creatures
  An adder (D:2)
  A bat (D:1)
  2 endoplasms (D:1)
  2 giant cockroaches (D:1)
  2 hobgoblins (D:1)
  2 quokkas (D:1)
  A frilled lizard (D:2)
  3 kobolds (D:1)
  2 rats (D:1)
16 creatures vanquished.

Table legend:
 A = Non-vault XP
 B = Vault XP
 C = Vault XP percentage of total XP
 D = Non-vault monster count
 E = Vault monster count
 F = Vault count percentage of total count
                 A         B        C        D         E       F
            +---------+---------+-------+---------+---------+-------
      Total |      34 |       4 |  10.5 |      14 |       2 |  12.5
            +---------+---------+-------+---------+---------+-------
        D:1 |      20 |       4 |  16.7 |      12 |       2 |  14.3
        D:2 |      14 |       0 |   0.0 |       2 |       0 |   0.0
            +---------+---------+-------+---------+---------+-------

Skill      XL: |  1  2 |
---------------+-------+-----
Axes           | 3 |  3.4
Fighting       | 4 |  4.0
Shields        | 4 |  4.0
Armour         | |  3.6

Action                     || total
---------------------------++-------
  Melee: War axe           ||    35
         Headbutt          ||     2
         Unarmed           ||     9
    Use: Potion            ||     3
         Scroll            ||     2
 Armour: Scale mail        ||    24
         Skin              ||    25
  Dodge: Dodged            ||    21
  Block: Buckler           ||    11

Illustrated notes

Table legend:
 A = Kills in this place as a percentage of kills in the entire game.
 B = Kills by you in this place as a percentage of kills by you in the entire game.
 C = Kills by friends in this place as a percentage of kills by friends in the entire game.
 D = Other kills in this place as a percentage of other kills in the entire game.
 E = Experience gained in this place as a percentage of experience gained in the entire game.
 F = Experience gained in this place divided by the number of levels of this place that you have seen.
                   A       B       C       D       E      F
               +-------+-------+-------+-------+-------+----------------------
         Total | 100.0 | 100.0 |   N/A |   N/A | 100.0 |  19.0
       Dungeon | 100.0 | 100.0 |   N/A |   N/A | 100.0 |  19.0
               +-------+-------+-------+-------+-------+----------------------

Table legend: (Time is in decaauts)
 A = Elapsed time spent in this place.
 B = Non-inter-level travel time spent in this place.
 C = Inter-level travel time spent in this place.
 D = Time resting spent in this place.
 E = Time spent auto-exploring this place.
 F = Levels seen in this place.
 G = Mean time per level.
                   A        B        C        D        E       F      G
               +--------+--------+--------+--------+--------+-----+--------+
         Total |    286 |    286 |      0 |      0 |      0 |   2 |  143.0 |
       Dungeon |    286 |    286 |      0 |      0 |      0 |   2 |  143.0 |
               +--------+--------+--------+--------+--------+-----+--------+

Top non-repeatable levels by time:
     D:1: 259 daAuts
     D:2: 27 daAuts
